 Dungeon Crawl Stone Soup version 0.31-a0-654-gbe3e110b4e (webtiles) character file.

Game seed: 6386452952531308016

192 dondy the Ruffian (level 5, -1/50 HPs)
             Began as a Troll Fighter on Aug 29, 2023.
             Slain by Crazy Yiuf
             ... wielding a +3 quarterstaff of chaos
              (5 damage)
             ... on level 3 of the Dungeon.
             The game lasted 00:03:44 (1318 turns).

dondy the Ruffian (Troll Fighter)                   Turns: 1318, Time: 00:03:45

Health: -1/50      AC:  5    Str: 26    XL:     5   Next: 42%
Magic:  4/4        EV:  8    Int:  4    God:
Gold:   151        SH:  0    Dex:  9    Spells: 4/4 levels left

rFire   . .          .
                       - Unarmed
rCold   . . .        b - +0 kite shield
rNeg    . . .        a - +0 robe
rPois   .            (helmet restricted)
rElec   .            f - +0 cloak
rCorr   .            (gloves unavailable)
SInv    .            (boots unavailable)
Will    .....        (no amulet)
Stlth   +            (no ring)
HPRegen 1.08/turn    (no ring)
MPRegen 0.09/turn

%: no passive effects
@: confused
A: large, unfitting armour, claws 3, regeneration 1, shaggy fur 1, tough skin 1
a: no special abilities


You were on level 3 of the Dungeon.
You visited 1 branch of the dungeon, and saw 3 of its levels.

You collected 151 gold pieces.

Inventory:

Hand Weapons
 m - the +6 hand axe of Wuugian {freeze, rF+}
   (You found it on level 2 of the Dungeon)

   rF+:       It protects you from fire.
Missiles
 o - 6 poisoned darts (quivered)
Armour
 a - a +0 robe (worn)
 b - a +0 kite shield (worn)
 f - a +0 cloak (worn)
Jewellery
 e - an amulet of guardian spirit
Talismans
 l - a beast talisman
Scrolls
 d - a scroll of blinking {unknown}
 g - 3 scrolls of identify {unknown}
 h - 2 scrolls of poison {unknown}
 k - a scroll of teleportation {unknown}
 n - a scroll of amnesia {unknown}
Potions
 c - a potion of might
 i - a potion of enlightenment {unknown}
 j - a potion of curing {unknown}
 p - a potion of lignification {unknown}


   Skills:
 - Level 2.4 Fighting
 - Level 2.4 Dodging
 - Level 2.6 Shields
 + Level 5.7 Unarmed Combat


You had 4 spell levels left.
You didn't know any spells.
Your spell library contained the following spells:

 Spells                   Type           Power      Damage    Failure   Level
 Blink                    Tloc           0%         N/A       88%         2
 Cigotuvi's Dreadful Rot  Necr/Pois/Air  0%         N/A       88%         2
 Lesser Beckoning         Tloc           0%         N/A       88%         2
 Momentum Strike          Conj/Tloc      0%         3d8       88%         2
 Poisonous Vapours        Pois/Air       0%         N/A       88%         2
 Ignite Poison            Fire/Tmut/Pois 0%         N/A       98%         3
 Mephitic Cloud           Conj/Pois/Air  0%         N/A       98%         3
 Volatile Blastmotes      Fire/Tloc      0%         2d10      98%         3
 Animate Armour           Summ/Erth      0%         N/A       100%        4
 Fulminant Prism          Conj/Hex       0%         3d5       100%        4
 Iskenderun's Mystic Bla  Conj/Tloc      0%         2d3       100%        4
 Freezing Cloud           Conj/Ice/Air   0%         6-21      100%        5
 Summon Mana Viper        Hex/Summ       0%         N/A       100%        5


Dungeon Overview and Level Annotations

Branches:
Dungeon (3/15)

Altars:

Annotations:
D:3 Crazy Yiuf


Innate Abilities, Weirdness & Mutations

You are too large for most types of armour.
You have claws for hands.
Your natural rate of healing is unusually fast.
You are covered in fur. (AC +1)
You have tough skin. (AC +1)


Message History

You kill the bat!
No target in view!
A frilled lizard comes into view.
You closely miss the frilled lizard. You block the frilled lizard's attack.
You claw the frilled lizard!
You kill the frilled lizard!
No target in view!
You see here 3 stones.
You block the ball python's attack.
You completely miss the ball python.
The ball python bites you but does no damage.
You barely miss the ball python. The ball python barely misses you.
You closely miss the ball python. You block the ball python's attack.
The ball python barely misses you.
You claw the ball python!
You kill the ball python!
No target in view!
Found a hammer.
Found a runed translucent door.
Crazy Yiuf shouts!
You open the door. You barely miss Crazy Yiuf.
Crazy Yiuf hits you with a +3 quarterstaff of chaos!
You scratch Crazy Yiuf but do no damage.
Crazy Yiuf hits you with a +3 quarterstaff of chaos!
You scratch Crazy Yiuf but do no damage.
Crazy Yiuf hits you with a +3 quarterstaff of chaos.
You are confused.
You bump into the tree.
Crazy Yiuf cries, "Ten!
Gum infinity fast."
Crazy Yiuf barely misses you.
You bump into the tree.
Crazy Yiuf zaps a wand.
The puff of flame hits you!
You bump into the tree.
Crazy Yiuf zaps a wand.
The puff of flame hits you.
You bump into the tree.
Crazy Yiuf zaps a wand.
The puff of flame hits you!
* * * LOW HITPOINT WARNING * * *
You claw Crazy Yiuf!
Crazy Yiuf is moderately wounded.
Crazy Yiuf hits you with a +3 quarterstaff of chaos!
* * * LOW HITPOINT WARNING * * *
Crazy Yiuf burns you.
You die...

######.....##.#.....#
####.
#.........[##...#..##
.
#.########.#..###.##
#.# ###### ### ##.#
#..##♣♣♣♣♣
#.#.#..♣.♣♣♣ ###
#.......♣..♣#...#
#......♣♣♣♣@g...#
##..#.♣♣ ♣♣#..)#
####♣♣ ###


You could see Crazy Yiuf.

Vanquished Creatures
  A black bear (D:3)
  Terence (D:3)
  2 adders (D:2)
  A worm (D:2)
  A dart slug (D:2)
  10 bats
  2 endoplasms (D:1)
  3 giant cockroaches
  3 goblins
  3 hobgoblins
  2 quokkas
  7 ball pythons
  8 frilled lizards
  6 kobolds
  5 rats
55 creatures vanquished.

Notes
Turn   | Place    | Note
-------+----------+-------------------------------------------
     0 | D:1      | dondy the Troll Fighter began the quest for the Orb.
     0 | D:1      | Reached XP level 1. HP: 22/22 MP: 0/0
   145 | D:1      | Reached XP level 2. HP: 29/29 MP: 1/1
   324 | D:1      | Got the Atlas of Summoning and the Bane
   421 | D:1      | Reached skill level 3 in Unarmed Combat
   627 | D:2      | Reached XP level 3. HP: 36/36 MP: 2/2
   636 | D:2      | Identified the +6 hand axe of Wuugian {freeze, rF+}
   841 | D:2      | Reached skill level 4 in Unarmed Combat
  1063 | D:2      | You fall into a shaft and drop 1 floor!
  1071 | D:3      | Reached XP level 4. HP: 44/44 MP: 3/3
  1077 | D:3      | Noticed a black bear
  1087 | D:3      | Killed a black bear
  1088 | D:3      | Reached skill level 5 in Unarmed Combat
  1088 | D:3      | Reached XP level 5. HP: 44/50 MP: 4/4
  1213 | D:3      | Noticed Terence
  1221 | D:3      | Killed Terence
  1306 | D:3      | Found a runed translucent door.
  1307 | D:3      | Noticed Crazy Yiuf
  1318 | D:3      | Slain by Crazy Yiuf

Illustrated notes

Levels and vault maps discovered:
D:1:      mrwooster_arrival_statue_3, layout_basic, minmay_lizard_pond
D:2:      layout_loops_ring
D:3:      layout_rooms, nicolae_elevator_lobby_plus, uniq_sigmund, uniq_terence,
          uniq_crazy_yiuf_cottage

Skill      XL: |  1  2  3  4 |
---------------+-------------+-----
Unarmed Combat | 3 4 5 |  5.7
Fighting       | |  2.4
Dodging        | |  2.4
Shields        | |  2.6

Action                     |  1- 3 |  4- 6 || total
---------------------------+-------+-------++-------
  Melee: Unarmed           |   116 |    30 ||   146
  Throw: Dart              |       |     5 ||     5
 Armour: Robe              |    42 |     9 ||    51
  Dodge: Dodged            |    31 |     8 ||    39
  Block: Kite shield       |    34 |     9 ||    43

Table legend: (Time is in decaauts)
 A = Elapsed time spent in this place.
 B = Non-inter-level travel time spent in this place.
 C = Inter-level travel time spent in this place.
 D = Time resting spent in this place.
 E = Time spent auto-exploring this place.
 F = Levels seen in this place.
 G = Mean time per level.
                   A        B        C        D        E       F      G
               +--------+--------+--------+--------+--------+-----+--------+
         Total |   1326 |   1301 |     25 |      6 |    918 |   3 |  442.0 |
       Dungeon |   1326 |   1301 |     25 |      6 |    918 |   3 |  442.0 |
               +--------+--------+--------+--------+--------+-----+--------+

Top non-repeatable levels by time:
     D:1: 576 daAuts
     D:2: 494 daAuts
     D:3: 255 daAuts
